 Dungeon Crawl Stone Soup version 0.28-a0-850-g09de17f5b5 (webtiles) character file.

Game seed: 6488006239329222404

247 croobank the Sneak (level 5, -1/41 HPs)
             Began as a Demonspawn Delver on Nov 13, 2021.
             Was a Follower of Vehumet.
             Slain by a bullfrog zombie (6 damage)
             ... on level 5 of the Dungeon.
             The game lasted 00:21:12 (4561 turns).

croobank the Sneak (Demonspawn Delver)              Turns: 4561, Time: 00:21:13

Health: -1/41      AC:  6    Str: 12    XL:     5   Next: 85%
Magic:  16/17      EV: 12    Int: 15    God:    Vehumet [*.....]
Gold:   280        SH:  0    Dex: 14    Spells: 4/8 levels left

rFire   . . .      SeeInvis .   B - +0 war axe
rCold   . . .      Faith    .   (no shield)
rNeg    . . .      Spirit   .   b - +0 leather armour
rPois   .          Reflect  .   (no helmet)
rElec   .          Harm     .   (no cloak)
rCorr   .          Rampage  .   s - +0 pair of gloves
Will    +....                   m - +1 pair of boots
Stlth   +++.......              (no amulet)
HPRegen 0.13/turn               f - ring of willpower
MPRegen 0.15/turn               A - ring of magical power

@: no status effects
A: ignite blood 1, big brain 1, demonic touch 1
a: Renounce Religion


You were on level 5 of the Dungeon.
You worshipped Vehumet.
Vehumet was aware of your devotion.
You visited 1 branch of the dungeon, and saw 5 of its levels.

You collected 280 gold pieces.

Inventory:

Hand Weapons
 a - a +0 hand axe
 q - a +0 trident
 B - a +0 war axe (weapon)
Missiles
 t - 152 stones (quivered)
Armour
 b - a +0 leather armour (worn)
 m - a +1 pair of boots (worn)
 n - a +0 robe
 s - a +0 pair of gloves (worn)
 u - a +0 ring mail
 C - a +0 chain mail
Jewellery
 f - a ring of willpower (left hand)
 A - a ring of magical power (right hand)
Wands
 g - a wand of digging (2)
 k - a wand of flame (21)
 E - a wand of paralysis (8)
Scrolls
 c - a scroll of fog
 d - 2 scrolls of magic mapping
 e - 2 scrolls of fear
 i - a scroll of amnesia {unknown}
 x - a scroll of enchant weapon {unknown}
 y - a scroll of enchant armour {unknown}
 D - a scroll of brand weapon {unknown}
Potions
 h - a potion of degeneration
 j - a potion of berserk rage {unknown}
 l - 2 potions of flight {unknown}
 o - a potion of might {unknown}
 p - a potion of ambrosia {unknown}
 r - 2 potions of heal wounds {unknown}
 v - a potion of resistance {unknown}
 w - a potion of haste
 z - a potion of attraction {unknown}


   Skills:
 + Level 3.5 Fighting
 + Level 3.1 Axes
 + Level 2.2 Armour
 + Level 2.0 Dodging
 + Level 5.0 Stealth
 * Level 2.3 Spellcasting


You had 4 spell levels left.
You knew the following spells:

 Your Spells              Type           Power      Damage    Failure   Level
a - Freeze                Ice            4%         1d3       28%         1
b - Inner Flame           Hex/Fire       1%         N/A       63%         3

Your spell library contained the following spells:

 Spells                   Type           Power      Damage    Failure   Level
 Scorch                   Fire           2%         2d5       38%         2
 Cause Fear               Hex            0%         N/A       95%         4
 Discord                  Hex            0%         N/A       100%        8


Dungeon Overview and Level Annotations

Branches:
Dungeon (5/15)
 Temple: D:4-7

Altars:
Gozag
Okawaru
Sif Muna
Vehumet

Shops:
D:2 (


Innate Abilities, Weirdness & Mutations

Your demonic aura sometimes causes spilled blood to erupt in flames.
You have an unusually large brain. (Int +2)
Your touch may inflict minor irresistible damage on your foes.


Message History

You slash the centaur skeleton!
The centaur skeleton is heavily damaged.
The centaur skeleton barely misses you.
The centaur skeleton kicks you but does no damage.
You slash the hound!
The hound is heavily wounded.
A bullfrog zombie comes into view.
The hound bites you. x2
You hit the hound.
You touch the hound.
The hound is almost dead.
The hound bites you. x2
You miss the hound. Your touch misses the hound.
The hound is almost dead.
The hound barely misses you.
The orc priest looks encouraged for a moment.
The hound bites you.
You completely miss the hound. Your touch misses the hound.
The hound is almost dead.
The hound closely misses you.
You barely miss the hound.
You touch the hound.
You kill the hound!
Vehumet accepts your kill. Vehumet offers you knowledge of Scorch.
The orc priest looks braver for a moment.
The bullfrog zombie hits you but does no damage.
Your Spellcasting skill increases to level 2!
You closely miss the bullfrog zombie. Your touch misses the bullfrog zombie.
The bullfrog zombie hits you but does no damage.
The orc priest invokes the aid of Beogh against you.
Beogh smites you! The bullfrog zombie hits you.
* * * LOW HITPOINT WARNING * * *
Okay, then.
As you read the scroll of fear, it crumbles to dust.
You assume a fearsome visage.
The centaur skeleton is unaffected.
The bullfrog zombie is unaffected.
The orc priest looks frightened!
The bullfrog zombie hits you.
* * * LOW HITPOINT WARNING * * *
Okay, then.
The bullfrog zombie hits you.
You die...

#....# #.. #.
#...o# .$.. ...#
#....#.....
.....##......?..
............o...
######†#......o
#Z#...$...
#Z#..Z...o
#@##....o.
#####.# #.....
#.#.####.....#
#....
#.....<..#####
..## +..#######


You could see an orc priest (fleeing), a bullfrog zombie and a centaur skeleton.

Vanquished Creatures
  A bullfrog (D:3)
  A jelly (D:4)
  A hound (D:5)
  A gnoll (D:1)
  A howler monkey zombie (D:4)
  2 adders
  A worm (D:3)
  A dart slug (D:2)
  4 orcs (D:3)
  7 endoplasms
  A giant cockroach (D:2)
  11 goblins
  14 hobgoblins
  2 jackals (D:3)
  3 quokkas (D:1)
  7 ball pythons
  2 bats
  5 frilled lizards
  4 kobolds
  3 rats
72 creatures vanquished.

Vanquished Creatures (others)
  4 fungi (D:5)
4 creatures vanquished.

Grand Total: 76 creatures vanquished

Notes
Turn   | Place    | Note
-------+----------+-------------------------------------------
     0 | D:5      | croobank the Demonspawn Delver began the quest for the Orb.
     0 | D:5      | Reached XP level 1. HP: 18/18 MP: 1/1
    46 | D:5      | Found a shimmering blue altar of Sif Muna.
    47 | D:5      | Identified the +2 short sword of Freehold {vorpal, rF+
                  | rCorr Dex-3}
   926 | D:3      | Found a radiant altar of Vehumet.
   937 | D:3      | Became a worshipper of Vehumet
   962 | D:3      | Gained mutation: Your demonic aura sometimes causes spilled
                  | blood to erupt in flames. [demonic ancestry]
   962 | D:3      | Reached XP level 2. HP: 18/24 MP: 2/2
  1031 | D:2      | Found Ynifyop's Weapon Boutique.
  1293 | D:2      | Gained mutation: You have an unusually large brain. (Int
                  | +2) [demonic ancestry]
  1293 | D:2      | Reached XP level 3. HP: 28/29 MP: 3/3
  1525 | D:1      | Reached skill level 1 in Armour
  1667 | D:1      | Found a faded altar of an unknown god.
  2008 | D:1      | Reached * piety under Vehumet
  2008 | D:1      | Offered knowledge of Freeze by Vehumet.
  2012 | D:1      | Learned a level 1 spell: Freeze
  2640 | D:2      | Reached XP level 4. HP: 35/35 MP: 4/4
  3567 | D:3      | Noticed a bullfrog
  3574 | D:3      | Killed a bullfrog
  3575 | D:3      | Reached skill level 5 in Stealth
  3575 | D:3      | Reached skill level 1 in Spellcasting
  3575 | D:3      | Gained mutation: Your touch may inflict minor irresistible
                  | damage on your foes. [demonic ancestry]
  3575 | D:3      | Reached XP level 5. HP: 31/41 MP: 4/6
  3674 | D:3      | Learned a level 3 spell: Inner Flame
  4361 | D:4      | Found an iron altar of Okawaru.
  4361 | D:4      | Found an opulent altar of Gozag.
  4557 | D:5      | Offered knowledge of Scorch by Vehumet.
  4561 | D:5      | Slain by a bullfrog zombie

Illustrated notes

Levels and vault maps discovered:
D:1:      minmay_arrival_arboretum_small, layout_loops_ring,
          dreamdust_ecumenical_altar_statues
D:2:      cheibrodos_greedy_goblins, layout_loops_ring, serial_shops, shop,
          grunt_ministairs_3, due_unseen_surprise
D:3:      layout_loops_ring, lemuel_crystal_altar
D:4:      layout_basic, gammafunk_temple_overflow_wave
D:5:      layout_rooms, zin_academy, mainiacjoe_overflow_boulevard,
          gammafunk_temple_overflow_pools, minmay_temple_entry_enclosed_plants

Skill      XL: |  1  2  3  4  5 |
---------------+----------------+-----
Axes           | 2 3 |  3.1
Armour         | 1 2 |  2.2
Dodging        | 2 |  2.0
Stealth        | 5 |  5.0
Spellcasting   | 1 2 |  2.3
Fighting       | |  3.5

Action                   |  1- 3 |  4- 6 || total
-------------------------+-------+-------++-------
Melee: Hand axe          |   119 |    52 ||   171
       War axe           |       |    33 ||    33
       Touch             |       |    10 ||    10
 Cast: Freeze            |     1 |       ||     1
Evoke: Wand              |     1 |     2 ||     3
  Use: Potion            |     1 |       ||     1
       Scroll            |     3 |     1 ||     4
 Stab: Sleeping          |     5 |    10 ||    15
Armor: Leather armour    |    31 |    31 ||    62
Dodge: Dodged            |    61 |    47 ||   108

Table legend: (Time is in decaauts)
 A = Elapsed time spent in this place.
 B = Non-inter-level travel time spent in this place.
 C = Inter-level travel time spent in this place.
 D = Time resting spent in this place.
 E = Time spent auto-exploring this place.
 F = Levels seen in this place.
 G = Mean time per level.
                   A        B        C        D        E       F      G
               +--------+--------+--------+--------+--------+-----+--------+
         Total |   4588 |   4436 |    152 |   1272 |   2176 |   5 |  917.6 |
       Dungeon |   4588 |   4436 |    152 |   1272 |   2176 |   5 |  917.6 |
               +--------+--------+--------+--------+--------+-----+--------+

Top non-repeatable levels by time:
     D:4: 1363 daAuts
     D:3: 1149 daAuts
     D:1: 1075 daAuts
     D:2: 905 daAuts
     D:5: 95 daAuts
